 Dungeon Crawl Stone Soup version 0.24.0-124-g2791043dd8 (webtiles) character file.

Game seed: 13026388986710851173, levelgen mode: deterministic

26111 Frank2 the Basher (level 12, -3/95 HPs)
             Began as a Demonspawn Gladiator on Feb 16, 2020.
             Was a High Priest of Wu Jian.
             Slain by a catoblepas (4 damage)
             ... while petrified by you
             ... on level 4 of the Lair of Beasts.
             The game lasted 00:28:49 (13523 turns).

Frank2 the Basher (Demonspawn Gladiator)           Turns: 13523, Time: 00:28:50

Health: -3/95      AC: 14    Str: 15    XL:     12   Next: 95%
Magic:  18/18      EV:  2    Int: 11    God:    Wu Jian [*****.]
Gold:   655        SH:  0    Dex: 18    Spells: 11/11 levels left

rFire    . . .     SeeInvis .   o - +0 morningstar
rCold    . . .     Gourm    .   (no shield)
rNeg     + + +     Faith    .   A - +3 steam dragon scales
rPois    ∞         Spirit   .   B - +2 hat {MR+}
rElec    .         Reflect  .   k - +2 cloak
rCorr    .         Harm     .   (no gloves)
MR       +....                  (no boots)
Stlth    +.........             (no amulet)
HPRegen  0.25/turn              j - +4 ring of slaying
MPRegen  0.16/turn              D - +2 ring of slaying

@: lethally poisoned (-3 -> -3), petrified, marked
A: hooves 1, horns 1, foul stench 1, spiny 2, rot immunity
a: Wall Jump, Serpent's Lash, Heavenly Storm, Renounce Religion


You were on level 4 of the Lair of Beasts.
You worshipped Wu Jian.
Wu Jian was extremely pleased with you.
You were not hungry.

You visited 2 branches of the dungeon, and saw 16 of its levels.

You collected 940 gold pieces.
You spent 285 gold pieces at shops.

Inventory:

Hand Weapons
 o - a +0 morningstar (weapon)
Armour
 k - a +2 cloak (worn)
 A - +3 steam dragon scales (worn)
 B - a +2 hat of magic resistance (worn)
Jewellery
 a - an uncursed ring of ice
 g - an uncursed ring of protection from fire
 j - a +4 ring of slaying (left hand)
 l - an uncursed ring of protection from cold
 D - a +2 ring of slaying (right hand)
Wands
 n - a wand of disintegration (13)
 p - a wand of digging (4)
 t - a wand of flame (14)
 u - a wand of scattershot (1)
 v - a wand of iceblast (12)
Scrolls
 d - a scroll of fear {unknown}
 h - 5 scrolls of magic mapping
 i - 9 scrolls of remove curse
 q - 3 scrolls of torment
 r - a scroll of fog
 w - 3 scrolls of enchant weapon
 y - 2 scrolls of teleportation
Potions
 b - 4 potions of flight
 c - a potion of haste
 e - 5 potions of curing
 m - 3 potions of cancellation
 s - 3 potions of heal wounds
 z - 3 potions of lignification
Comestibles
 f - 37 rations
 x - 2 chunks of flesh


   Skills:
 + Level 9.2 Fighting
 + Level 13.3 Maces & Flails
 - Level 1.7 Throwing
 + Level 6.8 Armour
 + Level 7.8 Dodging
 * Level 9.0 Evocations


You had 11 spell levels left.
You didn't know any spells.
Your spell library contained the following spells:

 Spells                   Type           Power        Failure   Level  Hunger
 Cause Fear               Hex            #.........   98%         4    #####..
 Silence                  Hex/Air        #.........   100%        5    ######.
 Yara's Violent Unravell  Hex/Tmut       #.........   100%        5    ######.
 Deflect Missiles         Chrm/Air       #.........   100%        6    #######
 Discord                  Hex            #.........   100%        8    #######


Dungeon Overview and Level Annotations

Branches:
Dungeon (12/15)            Temple (0/1) D:6            Lair (4/6) D:9
 Shoals (0/4) Lair:2        Snake (0/4) Lair:2          Orc (0/2) D:11

Altars:
Cheibriados
Fedhas
Gozag
Hepliaklqana
Okawaru
Ru
Uskayaw
Vehumet
Wu Jian
Yredelemnul

Shops:
D:4 (   D:5 %   D:6 !!   D:7 ??!([   D:10 (


Innate Abilities, Weirdness & Mutations

You have large cloven feet.
You have a pair of small horns on your head.
You may emit foul miasma when damaged in melee.
You are mostly covered in sharp spines.
You are immune to rotting.


Message History

* * * LOW HITPOINT WARNING * * *
You emit a cloud of foul miasma!
You are engulfed in calcifying dust.
A bullfrog comes into view.
A dream sheep comes into view.
The death yak is engulfed in calcifying dust. x2
The hippogriff is engulfed in calcifying dust.
The hippogriff is moving more slowly.
A dream sheep comes into view.
The death yak is engulfed in dark miasma.
The death yak is poisoned.
The death yak seems to slow down.
The death yak gores you!
* * * LOW HITPOINT WARNING * * *
The catoblepas gores you but does no damage.
You are engulfed in calcifying dust.
The death yak is engulfed in calcifying dust. x2
The necrophage is engulfed in calcifying dust.
The necrophage is moving more slowly.
A yak comes into view.
The catoblepas gores you!
You die...

+.......#.....#..............
.#.#...8...+ #.8.#.....8........
........$...# #..................
......##.##t#.#.....#.#####.#....
....#.....D###......##.....#....†
......#.##...###+t#....#.###.....
...........YF##.Y.##....#.....<÷.
......>....tYYYY†..#....###......
............Y8.@Y8#....##.......
.......#.#P.#..HSnYF............
..#..#####.##.8.##YY...........
#.. #.#######.............. #[ ##
......##...... # ....P.......
........ #.#.... #..P.


You could see 5 death yaks, a catoblepas, a hippogriff (petrifying), 2 yaks, a
water moccasin (petrified), 2 crocodiles, a necrophage (petrifying), a bullfrog
and 3 dream sheep.

Vanquished Creatures
  Gastronok (Lair:1)
  4 hydras
  2 two-headed ogres (D:10)
  Urug (Lair:1)
  2 ugly things (D:11)
  3 elephants (Lair:3)
  2 black mambas (Lair:2)
  6 spiny frogs
  3 komodo dragons
  A rime drake (Lair:4)
  A troll (D:11)
  3 polar bears (Lair:2)
  A hornet (D:11)
  A slime creature (Lair:3)
  6 hippogriffs
  10 blink frogs
  A spriggan (D:10)
  9 yaks (Lair:2)
  2 basilisks
  A wyvern (D:11)
  A steam dragon (D:11)
  A hungry ghost (D:10)
  14 water moccasins
  12 porcupines
  A sky beast (D:5)
  5 orc warriors
  An eye of draining (D:10)
  6 necrophages
  2 ogres
  A phantom (D:11)
  A centaur (D:6)
  9 crocodiles
  A big kobold (D:11)
  12 bullfrogs
  A wyvern zombie (D:11)
  A scorpion (D:4)
  4 killer bees (D:7)
  5 crimson imps
  An electric eel (Lair:1)
  A howler monkey (D:4)
  3 bullfrog zombies
  2 centaur zombies
  6 hounds
  11 jellies
  A quasit (D:7)
  5 orc priests
  A centaur skeleton (D:9)
  4 iguanas
  Natasha (thrice) (D:4)
  8 orc wizards
  2 hell rats (Lair:1)
  6 worker ants
  A hound skeleton (D:7)
  2 worker ant zombies
  8 gnolls
  15 adders
  9 river rats (Lair:1)
  4 shadow imps
  14 oozes
  An adder skeleton (D:8)
  An adder zombie (D:8)
  5 dart slugs
  6 leopard geckos
  43 orcs
  4 ball pythons
  10 giant cockroaches
  13 goblins
  8 hobgoblins
  10 jackals
  15 kobolds
  2 quokkas
  A ball python skeleton (D:6)
  4 bats
  2 frilled lizards
  A leopard gecko skeleton (D:6)
  A quokka skeleton (D:6)
  12 rats
384 creatures vanquished.

Vanquished Creatures (others)
  9 fungi
  15 plants
24 creatures vanquished.

Grand Total: 408 creatures vanquished

Notes
Turn   | Place    | Note
-------+----------+-------------------------------------------
     0 | D:1      | Frank2 the Demonspawn Gladiator began the quest for the
                  | Orb.
     0 | D:1      | Reached XP level 1. HP: 16/16 MP: 1/1
    70 | D:1      | Reached skill level 3 in Maces & Flails
   212 | D:1      | Gained mutation: You are partially covered in sharp spines.
                  | [demonic ancestry]
   212 | D:1      | Reached XP level 2. HP: 22/22 MP: 2/2
   371 | D:1      | Gained mutation: You have large cloven feet. [demonic
                  | ancestry]
   371 | D:1      | Reached XP level 3. HP: 26/27 MP: 3/3
  1212 | D:2      | Reached skill level 1 in Armour
  1212 | D:2      | Gained mutation: You are mostly covered in sharp spines.
                  | [demonic ancestry]
  1212 | D:2      | Reached XP level 4. HP: 25/34 MP: 4/4
  1475 | D:3      | Reached skill level 4 in Maces & Flails
  1581 | D:3      | Gained mutation: You are immune to rotting. [demonic
                  | ancestry]
  1581 | D:3      | Reached XP level 5. HP: 29/39 MP: 5/5
  2405 | D:4      | Found an opulent altar of Gozag.
  2406 | D:4      | Found a sacrificial altar of Ru.
  2406 | D:4      | Found a hazy altar of Hepliaklqana.
  2406 | D:4      | Found a hide-covered altar of Uskayaw.
  2406 | D:4      | Found an ornate altar of the Wu Jian Council.
  2407 | D:4      | Found a snail-covered altar of Cheibriados.
  2417 | D:4      | Became a worshipper of the Wu Jian Council
  2437 | D:4      | Noticed Natasha
  2450 | D:4      | Killed Natasha
  2450 | D:4      | Reached skill level 5 in Maces & Flails
  2483 | D:4      | Noticed Natasha
  2489 | D:4      | Killed Natasha
  2489 | D:4      | Gained mutation: You have a pair of small horns on your
                  | head. [demonic ancestry]
  2489 | D:4      | Reached XP level 6. HP: 46/46 MP: 6/6
  2560 | D:4      | Noticed Natasha
  2565 | D:4      | Killed Natasha
  2859 | D:4      | Found Zekhla's Weapon Shop.
  3192 | D:5      | Entered Level 5 of the Dungeon
  3210 | D:5      | Found Tyhad's Food Shop.
  3305 | D:5      | Got a distressingly furry helmet
  3383 | D:5      | Noticed a sky beast
  3387 | D:5      | Killed a sky beast
  3387 | D:5      | Reached XP level 7. HP: 52/52 MP: 7/7
  3390 | D:5      | Reached skill level 6 in Maces & Flails
  3929 | D:6      | Found an iron altar of Okawaru.
  4011 | D:6      | Noticed a hippogriff
  4015 | D:6      | Killed a hippogriff
  4025 | D:6      | Reached * piety under Wu Jian
  4065 | D:6      | Found Mostepie's Distillery.
  4117 | D:6      | Reached skill level 7 in Maces & Flails
  4117 | D:6      | Reached XP level 8. HP: 29/59 MP: 8/8
  4174 | D:6      | Found Ceonwak's Distillery.
  4269 | D:6      | Found a staircase to the Ecumenical Temple.
  4593 | D:6      | Identified the +0 helmet "Bumomn" {rC- Regen+ Int+3} (You
                  | found it on level 5 of the Dungeon)
  4655 | D:7      | Reached skill level 1 in Evocations
  4762 | D:7      | Reached skill level 8 in Maces & Flails
  4763 | D:7      | Reached ** piety under Wu Jian
  5044 | D:7      | Found Kurozis's Distillery.
  5299 | D:7      | Reached XP level 9. HP: 66/66 MP: 10/10
  5331 | D:7      | Found Kuedutuo's Armour Boutique.
  5429 | D:7      | Found Poesitun's Antique Weapon Boutique.
  5511 | D:7      | Reached skill level 5 in Armour
  5512 | D:7      | Found Fapt's Magic Scroll Shoppe.
  5529 | D:7      | Bought a scroll of enchant weapon for 90 gold pieces
  5529 | D:7      | Bought a scroll of enchant armour for 90 gold pieces
  5835 | D:7      | Found Roshri Xone's Magic Scroll Boutique.
  5838 | D:7      | Bought a scroll of enchant weapon for 105 gold pieces
  6151 | D:8      | Found a radiant altar of Vehumet.
  6698 | D:9      | Found a staircase to the Lair.
  6699 | D:9      | Noticed a komodo dragon
  6715 | D:9      | Killed a komodo dragon
  6715 | D:9      | Reached skill level 9 in Maces & Flails
  6892 | D:9      | Found a blossoming altar of Fedhas.
  7334 | D:9      | Found a basalt altar of Yredelemnul.
  7448 | D:10     | Entered Level 10 of the Dungeon
  7492 | D:10     | Found Zumeat's Antique Weapon Shop.
  7511 | D:10     | Noticed a two-headed ogre
  7519 | D:10     | Killed a two-headed ogre
  7519 | D:10     | Reached skill level 5 in Fighting
  7531 | D:10     | Reached *** piety under Wu Jian
  7842 | D:10     | Gained mutation: You may emit foul miasma when damaged in
                  | melee. [demonic ancestry]
  7842 | D:10     | Reached XP level 10. HP: 74/74 MP: 13/13
  8353 | D:10     | Found a snail-covered altar of Cheibriados.
  8354 | D:10     | Noticed a two-headed ogre
  8360 | D:10     | Killed a two-headed ogre
  8360 | D:10     | Reached skill level 10 in Maces & Flails
  8360 | D:10     | Reached skill level 5 in Dodging
  8360 | D:10     | Reached skill level 5 in Evocations
  8481 | D:11     | Found a staircase to the Orcish Mines.
  8618 | D:11     | Noticed a green ugly thing
  8627 | D:11     | Killed a green ugly thing
  8795 | D:11     | Noticed a four-headed hydra
  8806 | D:11     | Killed a four-headed hydra
  8806 | D:11     | Reached **** piety under Wu Jian
  8933 | D:11     | Reached XP level 11. HP: 83/83 MP: 15/15
  8999 | D:11     | Noticed a green ugly thing
  9009 | D:11     | Killed a green ugly thing
  9595 | Lair:1   | Entered Level 1 of the Lair of Beasts
  9612 | Lair:1   | Reached skill level 11 in Maces & Flails
  9808 | Lair:1   | Noticed an eight-headed hydra
  9820 | Lair:1   | Killed an eight-headed hydra
 10072 | Lair:1   | Noticed Urug
 10088 | Lair:1   | Killed Urug
 10337 | Lair:1   | Noticed an eight-headed hydra
 10341 | Lair:1   | Killed an eight-headed hydra
 10370 | Lair:1   | Noticed Gastronok
 10377 | Lair:1   | Killed Gastronok
 10377 | Lair:1   | Reached skill level 12 in Maces & Flails
 10994 | Lair:2   | Found a staircase to the Snake Pit.
 11166 | Lair:2   | Reached XP level 12. HP: 83/92 MP: 17/17
 11659 | Lair:2   | Found a staircase to the Shoals.
 11666 | Lair:2   | Reached ***** piety under Wu Jian
 12049 | Lair:2   | Noticed a four-headed hydra
 12054 | Lair:2   | Killed a four-headed hydra
 12512 | Lair:3   | Reached skill level 13 in Maces & Flails
 12744 | Lair:3   | Got a warped ruby amulet
 12745 | Lair:3   | Identified the amulet "Loiq" {Inacc rF+} (You found it on
                  | level 3 of the Lair of Beasts)
 13497 | Lair:4   | Noticed a death yak
 13498 | Lair:4   | Noticed a death yak
 13498 | Lair:4   | Noticed a death yak
 13499 | Lair:4   | Noticed a death yak
 13502 | Lair:4   | Noticed a death yak
 13514 | Lair:4   | Noticed a catoblepas
 13520 | Lair:4   | Noticed a six-headed hydra
 13522 | Lair:4   | HP: 1/95 [death yak (8)]
 13523 | Lair:4   | Slain by a catoblepas

Levels and vault maps discovered:
D:1:      onia_arrival_mini_spirals, layout_basic
D:2:      layout_basic
D:3:      layout_basic
D:4:      layout_loops_corners, grunt_temple_overflow_open, serial_shops,
          nicolae_shop_waterfront, first_ration, uniq_natasha
D:5:      layout_basic, serial_shops,
          nicolae_shop_temple_entry_statues_fountains
D:6:      layout_basic, okawaru_altar_gauntlet_db, temple_pool_b, serial_shops,
          kennysheep_mini, nicolae_shop_trees
D:7:      layout_basic, serial_shops, shop, nicolae_shop_behind_doors,
          kennysheep_little_box, shop, kennysheep_mini_moat, serial_curves,
          eino_curves_03, eino_curves_03, minmay_misc_feat_square
D:8:      layout_cave_pools, marbit_many_paths, minmay_misc_feat_more_columns,
          eino_small_chamber_without_monster
D:9:      layout_basic, lemuel_round_altar, david_lair_shrubbed, basic_altar
D:10:     layout_gridville, basic_altar, serial_shops,
          nicolae_shop_overgrown_old_shop, grunt_pizzeria, nooodl_food_tri
D:11:     layout_irregular_city, orc_0_dummy, kennysheep_small_circle
D:12:     layout_basic, chequers_jeans, lemuel_centaur_altar
Lair:1:   layout_regular_city, kennysheep_rathole, serial_bayou_shore_b,
          infiniplex_staircase_pool, uniq_gastronok, uniq_urug
Lair:2:   layout_loops_ring, elwin_shoals_entry_rocks,
          minmay_snake_entry_six_corridors, grunt_forest_stairs_basic,
          cheibrodos_lair_lostbears
Lair:3:   lemuel_slime, layout_layer_cave, grunt_megastairs_2
Lair:4:   layout_cave_shapes, roderic_carrion_pond, grunt_megastairs_1

Skill      XL: |  1  2  3  4  5  6  7  8  9 10 11 12 |
---------------+-------------------------------------+-----
Maces & Flails | 3 4 5 7 8 9 10 12 13 | 13.3
Dodging        | 3 4 5 6 7 |  7.8
Armour         | 1 2 3 4 5 6 |  6.8
Fighting       | 3 4 5 6 7 9 |  9.2
Evocations     | 2 4 6 7 9 |  9.0
Throwing       | |  1.7

Action                   |  1- 3 |  4- 6 |  7- 9 | 10-12 || total
-------------------------+-------+-------+-------+-------++-------
Melee: Flail             |    92 |   102 |   217 |   364 ||   775
       Kick              |    10 |    31 |    67 |   199 ||   307
       Headbutt          |       |     4 |    40 |   126 ||   170
       Morningstar       |       |       |       |   128 ||   128
Throw: Throwing net      |       |     3 |     2 |       ||     5
Invok: Lunge             |       |     3 |    25 |    39 ||    67
       Whirlwind         |       |       |     2 |    33 ||    35
Evoke: Wand              |       |       |       |     7 ||     7
  Use: Scroll            |     5 |     4 |     6 |    17 ||    32
       Potion            |       |     1 |     1 |     5 ||     7
 Stab: Distracted        |     1 |       |       |       ||     1
       Held in net/web   |       |     3 |     2 |       ||     5
       Sleeping          |       |       |       |     2 ||     2
  Eat: Chunk             |       |     8 |    14 |    19 ||    41
Armor: Leather armour    |    16 |       |       |       ||    16
       Ring mail         |     3 |    29 |    72 |    32 ||   136
       Steam dragon scal |       |       |       |   144 ||   144
Dodge: Dodged            |    62 |    70 |   115 |   312 ||   559
